 Dungeon Crawl Stone Soup version 0.24-a0-230-g536ed4e (webtiles) character file.

Game seed: 3559426193678702326

15531 geeko55 the Geomancer (level 12, -1/68 HPs)
             Began as a Gargoyle Earth Elementalist on Apr 2, 2019.
             Was an Elder of Nemelex Xobeh.
             Hit by a javelin thrown by a minotaur (25 damage)
             ... in a Gauntlet.
             The game lasted 01:26:54 (14250 turns).

geeko55 the Geomancer (GrEE)                       Turns: 14250, Time: 01:26:55

Health: -1/68      AC: 18    Str: 12    XL:     12   Next: 28%
Magic:  21/21      EV: 18    Int: 21    God:    Nemelex Xobeh [****..]
Gold:   753        SH:  0    Dex: 16    Spells: 1/24 levels left

rFire    + . .     SeeInvis .   a - +6 halberd
rCold    . . .     Gourm    .   (shield currently unavailable)
rNeg     + . .     Faith    .   f - +2 robe of Vines {NoPotionHeal Regen+7}
rPois    ∞         Spirit   .   (helmet restricted)
rElec    +         Reflect  .   (no cloak)
rCorr    .         Harm     .   F - +0 pair of gloves {archery}
MR       .....     NoTele   +   K - +1 pair of boots of Dinol {*Contam rF+ Regen+ Stlth+}
Stlth    +++.......             m - amulet of rage
HPRegen  3.41/turn              k - +3 ring of protection
MPRegen  0.17/turn              w - +6 ring of dexterity

@: no status effects
A: antennae 1, frail 1, negative energy resistance 1, electricity resistance,
unbreathing, petrification resistance, rot immunity, AC +8
a: Draw Escape, Draw Destruction, Draw Summoning, Triple Draw, Deal Four,
Renounce Religion, Evoke Berserk Rage


You were in a Gauntlet.
You worshipped Nemelex Xobeh.
Nemelex Xobeh was greatly pleased with you.
You were not hungry.

You visited 3 branches of the dungeon, and saw 13 of its levels.
You also visited: Sewer and Gauntlet.

You collected 753 gold pieces.

Inventory:

Hand Weapons
 a - a +6 halberd (weapon)
 b - a +2 hunting sling of freezing
Missiles
 B - 178 stones (quivered)
Armour
 f - the +2 robe of Vines (worn) {NoPotionHeal Regen+7}
   (You found it in a Gauntlet)

   It increases your rate of regeneration.
 A - the +1 robe of Fun and Games {+Fly MR++ Dex-5}
   (You found it in a Gauntlet)

   It affects your dexterity (-5).
   It affects your resistance to hostile enchantments.
   It lets you fly.
 F - a +0 pair of gloves of archery (worn)
 K - the +1 pair of boots of Dinol (worn) {*Contam rF+ Regen+ Stlth+}
   (You found it in a Gauntlet)

   It protects you from fire.
   It causes magical contamination when unequipped.
   It increases your rate of regeneration.
   It makes you more stealthy.
Jewellery
 k - a +3 ring of protection (left hand)
 m - an amulet of rage (around neck)
 q - an uncursed ring of protection from fire
 w - a +6 ring of dexterity (right hand)
 I - an uncursed ring of protection from magic
Wands
 n - a wand of paralysis (5)
 r - a wand of flame (24)
 E - a wand of random effects (63)
Scrolls
 e - 2 scrolls of magic mapping
 h - 12 scrolls of remove curse
 i - 2 scrolls of fog
 j - 4 scrolls of teleportation
 o - 3 scrolls of fear
 p - a scroll of enchant armour
Potions
 c - a potion of berserk rage
 g - a potion of resistance {unknown}
 l - 3 potions of might
 s - 2 potions of ambrosia
 t - a potion of curing
 u - a potion of lignification
 v - a potion of brilliance
 x - a potion of heal wounds
 z - a potion of cancellation {unknown}
 C - a potion of invisibility {unknown}
 G - a potion of experience {unknown}
 H - a potion of haste {unknown}
 J - a potion of mutation
Comestibles
 d - 22 rations


   Skills:
 + Level 9.2 Fighting
 + Level 8.4 Dodging
 - Level 2.1 Stealth
 - Level 6.5 Spellcasting
 * Level 5.8 Necromancy
 - Level 0.7 Transmutations
 - Level 11.0 Earth Magic
 * Level 7.7 Invocations


You had one spell level left.
You knew the following spells:

 Your Spells              Type           Power        Failure   Level  Hunger
a - Sandblast             Erth           ######       1%          1    None
b - Passwall              Tmut/Erth      ####....     1%          2    None
c - Stone Arrow           Conj/Erth      ####..       3%          3    #......
d - Petrify               Tmut/Erth      ####....     9%          4    ###....
e - Lee's Rapid Deconstr  Erth           ######....   2%          5    #####..
f - Animate Skeleton      Necr           N/A          1%          1    None
g - Pain                  Necr           ####         1%          1    None
h - Regeneration          Chrm/Necr      ###.......   9%          3    #......
i - Vampiric Draining     Necr           ####......   2%          3    #......

Your spell library contained the following spells:

 Spells                   Type           Power        Failure   Level  Hunger
 Animate Dead             Necr           N/A          9%          4    ###....
 Fulminant Prism          Conj/Hex       #.........   67%         4    ###....
 Sticky Flame             Conj/Fire      #.......     67%         4    ###....
 Bolt of Fire             Conj/Fire      #.........   100%        6    ######.


Dungeon Overview and Level Annotations

Branches:
Dungeon (10/15)            Temple (1/1) D:5            Lair (2/6) D:9
 Spider (0/4) Lair:2
  Swamp: Lair:2-4    Shoals: Lair:2-4       Orc: D:9-12

Altars:
Ashenzari
Cheibriados
Dithmenos
Elyvilon
Fedhas
Gozag
Hepliaklqana
Kikubaaqudgha
Makhleb
Nemelex Xobeh
Okawaru
Qazlal
Ru
Trog
Uskayaw
Vehumet
Wu Jian
Xom
Yredelemnul
Zin
The Shining One

Shops:
D:8 %

Annotations:
D:5 1 runed translucent door Gauntlet 6 transporters


Innate Abilities, Weirdness & Mutations

You are resistant to torment.
Your stone body is resilient. (AC +8)
You are immune to poison.
You resist negative energy. (rN+)
You are resistant to electric shocks. (rElec)
You can survive without breathing.
You are immune to petrification.
You are immune to rotting.
You have a pair of small antennae on your head.
You are frail. (-10% HP)


Message History

Aim: a wyvern (almost dead, summoned)
The blast of sand misses the wyvern.
B - 178 stones The wyvern closely misses you.
The wyvern misses you.
The minotaur throws a javelin.
The javelin hits you!!
Your insubstantial wisp hits the minotaur but does no damage.
The wyvern completely misses you. The wyvern barely misses you.
Okay, then.
Okay, then.
You draw a card...
You have drawn Wild Magic.
The wyvern is blasted with magical energy!
The wyvern dies!
The wyvern's corpse disappears in a puff of smoke!
A ball of electricity appears!
The minotaur looks as sick as possible!
The minotaur looks incredibly sick.
You feel a surge of magic.
You feel your power returning.
The minotaur throws a javelin.
The javelin barely misses your ball lightning.
The javelin hits you!!
You die...
Your body disappears without a glow.

#..#.... #####..#.P#.
#≈8≈#..#....
#...#..#©...
#.8.#..#....
#...#..#..#P
#.8.#..#.... ##########
#...#..#.... #.....l@§#
#...#..#####
#.######*####.©.#≈......
#.# #H#......#∩......
#.# #v#.##.©.#≈......
#Z#..H...#.##...#..#####
#.########.##...#..#....
#...Z......##.8.#..#..##
#############...#..#?#..
#.8.#..#}#^.


You could see a minotaur, a wyvern, a friendly insubstantial wisp and a friendly
ball lightning.

Vanquished Creatures
  A hydra (Lair:1)
  A catoblepas (Gauntlet)
  A queen ant (D:9)
  2 death yaks
  A sixfirhy (Gauntlet)
  2 gargoyles
  A spiny frog (Lair:1)
  A troll (Lair:1)
  3 blink frogs (Lair:1)
  2 hippogriffs
  A basilisk (Lair:1)
  Eustachio (D:5)
  16 yaks
  A hungry ghost (D:9)
  A hell hound (D:8)
  2 porcupines (Lair:1)
  2 water moccasins
  An ice beast (D:9)
  3 orc warriors
  2 phantoms
  A black bear (Lair:1)
  5 ogres
  A centaur (D:5)
  A crocodile (Lair:1)
  2 big kobolds
  6 bullfrogs
  2 scorpions
  5 killer bees (D:8)
  2 howler monkeys
  3 wights (D:6)
  6 crimson imps
  A bullfrog zombie (D:5)
  A quasit (D:5)
  A centaur skeleton (D:5)
  3 hounds
  8 orc wizards
  An orc priest (D:10)
  2 jellies (D:9)
  A hell rat (D:9)
  An iguana (D:9)
  Terence (D:3)
  3 worker ants
  A hound skeleton (D:4)
  A hound zombie (D:6)
  A howler monkey skeleton (D:5)
  13 adders
  10 gnolls
  A river rat (D:9)
  3 shadow imps
  3 ufetubi (Gauntlet)
  2 oozes (D:1)
  3 worms
  7 leopard geckos
  28 orcs
  10 giant cockroaches
  11 goblins
  10 hobgoblins
  17 jackals
  17 kobolds
  5 quokkas
  6 ball pythons
  7 bats
  6 frilled lizards
  10 rats
  A spectral orc (D:3)
275 creatures vanquished.

Vanquished Creatures (collateral kills)
  An entropy weaver (Gauntlet)
  Erica (D:8)
  A wolf spider (Gauntlet)
  An elephant (Lair:1)
  A komodo dragon (Lair:1)
  A hornet (Lair:1)
  A blink frog (Lair:1)
  A redback (Gauntlet)
  5 yaks
  A porcupine (D:9)
  A phantom (D:9)
  5 killer bees (D:9)
  A crimson imp (D:9)
  2 hounds
  2 orc wizards
  An iguana (D:7)
  A hell rat (D:9)
  A river rat (D:9)
  2 goblins (D:9)
  A quokka (D:9)
  A plant (Gauntlet)
32 creatures vanquished.

Vanquished Creatures (others)
  A blink frog (Lair:1)
  An ogre (D:8)
  10 fungi
  9 plants
21 creatures vanquished.

Grand Total: 328 creatures vanquished

Notes
Turn   | Place    | Note
-------+----------+-------------------------------------------
     0 | D:1      | geeko55 the Gargoyle Earth Elementalist began the quest for
                  | the Orb.
     0 | D:1      | Reached XP level 1. HP: 10/10 MP: 3/3
   115 | D:1      | Reached XP level 2. HP: 15/15 MP: 1/5
   166 | D:1      | Learned a level 2 spell: Passwall
   422 | D:1      | Reached XP level 3. HP: 13/19 MP: 5/7
   556 | D:1      | Learned a level 3 spell: Stone Arrow
  1091 | D:2      | Reached XP level 4. HP: 20/24 MP: 5/9
  1887 | D:2      | Found an opulent altar of Gozag.
  1984 | D:2      | Noticed a moth of wrath
  1987 | D:2      | Found a bloodstained altar of Trog.
  2506 | D:3      | Found a glowing drain.
  2518 | D:3      | Gained mutation: You are frail. (-10% HP) [potion of
                  | mutation]
  2518 | D:3      | Gained mutation: You have a pair of small antennae on your
                  | head. [potion of mutation]
  2559 | Sewer    | Entered a sewer
  2748 | Sewer    | Reached XP level 5. HP: 20/25 MP: 0/11
  3829 | D:3      | Found a basalt altar of Yredelemnul.
  4352 | D:3      | Found an ornate altar of the Wu Jian Council.
  4353 | D:3      | Noticed Terence
  4447 | D:3      | Killed Terence
  4447 | D:3      | Reached XP level 6. HP: 23/28 MP: 0/13
  4568 | D:3      | Found a sacrificial altar of Ru.
  4664 | D:4      | Reached skill level 5 in Spellcasting
  4908 | D:4      | Found a sparkling altar of Nemelex Xobeh.
  5015 | D:4      | Noticed a phantom
  5025 | D:4      | Killed a phantom
  5025 | D:4      | Reached XP level 7. HP: 32/32 MP: 0/15
  5157 | D:4      | Became a worshipper of Nemelex Xobeh the Trickster
  5169 | D:5      | Entered Level 5 of the Dungeon
  5169 | D:5      | Received a gift from Nemelex Xobeh
  5268 | D:5      | Found a staircase to the Ecumenical Temple.
  5344 | Temple   | Entered the Ecumenical Temple
  5407 | D:5      | Noticed Eustachio
  5507 | D:5      | Killed Eustachio
  5693 | D:5      | Learned a level 4 spell: Petrify
  5699 | D:5      | Learned a level 5 spell: Lee's Rapid Deconstruction
  5770 | D:5      | Reached skill level 4 in Earth Magic
  5852 | D:5      | Found a glowing golden altar of the Shining One.
  5852 | D:5      | Noticed an angel
  5853 | D:5      | Found a runed translucent door.
  5894 | D:5      | Reached skill level 1 in Fighting
  5894 | D:5      | Reached XP level 8. HP: 33/38 MP: 8/17
  6139 | D:5      | Reached skill level 5 in Earth Magic
  6249 | D:5      | Reached * piety under Nemelex Xobeh
  6501 | D:6      | Reached skill level 6 in Earth Magic
  6536 | D:6      | Learned a level 2 spell: Passwall
  6626 | D:6      | Found a stormy altar of Qazlal.
  6632 | D:6      | Received a gift from Nemelex Xobeh
  6633 | D:6      | Found a blossoming altar of Fedhas.
  6702 | D:6      | Reached skill level 5 in Dodging
  6791 | D:6      | Reached skill level 7 in Earth Magic
  6809 | D:6      | Found a radiant altar of Vehumet.
  6845 | D:6      | Reached XP level 9. HP: 46/46 MP: 13/18
  6976 | D:6      | Learned a level 1 spell: Animate Skeleton
  6978 | D:6      | Learned a level 1 spell: Pain
  7397 | D:7      | Reached ** piety under Nemelex Xobeh
  7520 | D:7      | Reached skill level 8 in Earth Magic
  8183 | D:7      | Reached skill level 5 in Fighting
  8183 | D:7      | Reached skill level 9 in Earth Magic
  8293 | D:7      | Identified the Grimoire of Lucky Attacks
  8299 | D:7      | Learned a level 3 spell: Regeneration
  8426 | D:7      | Found a burning altar of Makhleb.
  8625 | D:7      | Found a hazy altar of Hepliaklqana.
  8815 | D:8      | Found Oduiron's Food Shop.
  8815 | D:8      | Received a gift from Nemelex Xobeh
  8860 | D:8      | Reached skill level 10 in Earth Magic
  8860 | D:8      | Reached XP level 10. HP: 35/54 MP: 3/19
  9385 | D:8      | Noticed Erica
  9419 | D:8      | Killed Erica
  9710 | D:9      | Reached skill level 11 in Earth Magic
  9856 | D:9      | Found a staircase to the Lair.
  9856 | D:9      | Noticed a death yak
  9876 | D:9      | Reached *** piety under Nemelex Xobeh
  9893 | D:9      | Noticed a death yak
  9896 | D:9      | Noticed a death yak
 10035 | D:8      | HP: 2/56 [death yak (10)]
 10039 | D:8      | Killed a death yak
 10039 | D:8      | Reached skill level 1 in Necromancy
 10837 | D:9      | Received a gift from Nemelex Xobeh
 10904 | D:9      | Found a snail-covered altar of Cheibriados.
 10946 | D:9      | Noticed a queen ant
 10946 | D:9      | a death yak changed into a queen ant
 10959 | D:9      | Killed a queen ant
 10959 | D:9      | Reached XP level 11. HP: 49/61 MP: 3/20
 10969 | D:9      | Killed a death yak
 11748 | D:10     | Entered Level 10 of the Dungeon
 11950 | D:10     | Received a gift from Nemelex Xobeh
 12250 | D:10     | Reached skill level 5 in Invocations
 12352 | D:10     | Reached **** piety under Nemelex Xobeh
 12649 | D:10     | Received a gift from Nemelex Xobeh
 12738 | Lair:1   | Entered Level 1 of the Lair of Beasts
 12770 | Lair:1   | Learned a level 3 spell: Vampiric Draining
 12788 | Lair:1   | Noticed an eight-headed hydra
 12793 | Lair:1   | Killed an eight-headed hydra
 13324 | Lair:1   | Reached skill level 5 in Necromancy
 13369 | Lair:1   | Reached XP level 12. HP: 58/67 MP: 18/21
 13395 | Lair:1   | Received a gift from Nemelex Xobeh
 13758 | Lair:2   | Found a gate leading to a gauntlet.
 13762 | Gauntlet | Entered a Gauntlet
 13762 | Gauntlet | Found a transporter.
 13762 | Gauntlet | Found a transporter.
 13762 | Gauntlet | Found a transporter.
 13766 | Gauntlet | Found a transporter.
 13777 | Gauntlet | Noticed a soul eater
 13778 | Gauntlet | Found a transporter.
 13782 | Gauntlet | Found a transporter.
 13792 | Gauntlet | Noticed a great orb of eyes
 13793 | Gauntlet | Found a transporter.
 13793 | Gauntlet | Noticed an entropy weaver
 13798 | Gauntlet | Found a transporter.
 13798 | Gauntlet | Found a transporter.
 13825 | Gauntlet | Found a transporter.
 13826 | Gauntlet | Found the +2 robe of Vines {NoPotionHeal Regen+7}
 13839 | Gauntlet | Found a transporter.
 13843 | Gauntlet | Found a transporter.
 13844 | Gauntlet | Noticed a catoblepas
 14025 | Gauntlet | Killed a catoblepas
 14043 | Gauntlet | Got a shimmering robe
 14055 | Gauntlet | Identified the +1 robe of Fun and Games {+Fly MR++ Dex-5}
                  | (You found it in a Gauntlet)
 14122 | Gauntlet | Killed an entropy weaver
 14125 | Gauntlet | Got a pair of crude boots
 14135 | Gauntlet | Identified the +1 pair of boots of Dinol {*Contam rF+
                  | Regen+ Stlth+} (You found it in a Gauntlet)
 14237 | Gauntlet | Identified the ring "Pilajin" {Fire MR+ Str+5 SInv}
 14237 | Gauntlet | Noticed a minotaur
 14250 | Gauntlet | Hit by a javelin thrown by a minotaur

Levels and vault maps discovered:
D:1:      roderic_crop_circles_arrival_small, layout_loops_ring,
          minmay_three_crescents
D:2:      layout_basic, lemuel_crystal_altar, nicolae_gozag_seed_capital,
          tgw_trog
D:3:      layout_rooms, lemuel_round_altar, lemuel_coloured_pillars_altar,
          yredelemnul_forgotten_temple_becter, gup_sewer_entry_pipe,
          uniq_terence
D:4:      layout_cave_pools, nemelex_xobeh_ov_fountains_minmay
D:5:      layout_basic, minmay_temple_entry_butterflies, first_ration,
          lemuel_angel_altar, uniq_eustachio
D:6:      layout_loops_ring, grunt_temple_overflow_forces_of_nature,
          marbit_many_paths
D:7:      layout_basic, nicolae_overflow_hidden_temple, makhleb_grotto_becter
D:8:      layout_loops_ring, serial_shops, nicolae_shop_behind_doors,
          blue_anna_alchemist [blue_anna_fruit_fields, blue_anna_fruit_fields],
          uniq_erica
D:9:      layout_loops_ring, kennysheep_little_box, dpeg_lair_monsters,
          enter_bailey_3
D:10:     layout_basic, mrwooster_statue_mirror
Temple:   eino_temple_lava
Lair:1:   layout_loops_ring, serial_bayou_shore_b, lemuel_fruit_tree
Lair:2:   layout_roguey [special_room_bee], spider_nest_entry_funnel_web,
          gammafunk_ghost_icy, gauntlet_entry_generic, beast_lair_carwin_10
Sewer:    sewer_co_scattered_pipes
Gauntlet: gammafunk_gauntlet_hard_choice [nicolae_gauntlet_arena_t_cross,
          gammafunk_gauntlet_arena_split_x, gammafunk_gauntlet_arena_mazey,
          gammafunk_gauntlet_arena_teeth, nicolae_gauntlet_arena_quarters,
          gammafunk_gauntlet_arena_hedges, gauntlet_exit_spiral]

Skill      XL: |  1  2  3  4  5  6  7  8  9 10 11 12 |
---------------+-------------------------------------+-----
Dodging        | 2 3 4 5 6 7 8 |  8.4
Spellcasting   | 3 4 5 6 |  6.5
Earth Magic    | 4 7 10 11 | 11.0
Fighting       | 1 3 5 7 8 9 |  9.2
Necromancy     | 2 5 |  5.8
Invocations    | 3 6 7 |  7.7
Stealth        | |  2.1
Transmutations | |  0.7

Action                   |  1- 3 |  4- 6 |  7- 9 | 10-12 || total
-------------------------+-------+-------+-------+-------++-------
Melee: Club              |    67 |   185 |     6 |       ||   258
       Spear             |       |       |    62 |       ||    62
       Halberd           |       |       |   100 |   159 ||   259
 Fire: Hunting sling     |       |     2 |       |       ||     2
 Cast: Sandblast         |    39 |    51 |    70 |    70 ||   230
       Stone Arrow       |       |    70 |    58 |    37 ||   165
       Petrify           |       |       |     5 |     5 ||    10
       Animate Skeleton  |       |       |     4 |    10 ||    14
       Lee's Rapid Decon |       |       |       |    15 ||    15
       Pain              |       |       |       |     3 ||     3
       Passwall          |       |       |       |     1 ||     1
 Abil: Draw Destruction  |       |       |       |    19 ||    19
       Draw Escape       |       |       |       |     4 ||     4
       Draw Summoning    |       |       |       |    10 ||    10
  Use: Potion            |       |     6 |     3 |     7 ||    16
       Scroll            |       |     7 |    11 |    14 ||    32
 Stab: Sleeping          |     1 |     1 |     3 |     1 ||     6
       Petrifying        |       |       |     1 |     1 ||     2
       Petrified         |       |       |       |     5 ||     5
  Eat: Chunk             |       |    13 |    10 |     8 ||    31
       Ration            |       |     2 |     2 |     5 ||     9
Armor: Robe              |    37 |    89 |    27 |    11 ||   164
       Skin              |       |    74 |       |       ||    74
       Leather armour    |       |       |   119 |    75 ||   194
Dodge: Dodged            |    54 |   201 |   271 |   225 ||   751

Table legend:
 A = Non-vault XP
 B = Vault XP
 C = Vault XP percentage of total XP
 D = Non-vault monster count
 E = Vault monster count
 F = Vault count percentage of total count
                 A         B        C        D         E       F
            +---------+---------+-------+---------+---------+-------
      Total |   14356 |    7832 |  35.3 |     244 |      64 |  20.8
            +---------+---------+-------+---------+---------+-------
        D:1 |      56 |      12 |  17.6 |      28 |       5 |  15.2
        D:2 |      55 |       9 |  14.1 |      17 |       5 |  22.7
        D:3 |     149 |      50 |  25.1 |      27 |       7 |  20.6
        D:4 |     304 |       0 |   0.0 |      11 |       0 |   0.0
        D:5 |     618 |     203 |  24.7 |      24 |       1 |   4.0
        D:6 |    1072 |      20 |   1.8 |      22 |       1 |   4.3
        D:7 |    1537 |      41 |   2.6 |      14 |       1 |   6.7
        D:8 |    1245 |    1911 |  60.6 |      29 |       4 |  12.1
        D:9 |    2694 |    1923 |  41.7 |      28 |      13 |  31.7
       D:10 |    1033 |       0 |   0.0 |      19 |       0 |   0.0
     Lair:1 |    5505 |       0 |   0.0 |      24 |       0 |   0.0
     Lair:2 |      88 |       0 |   0.0 |       1 |       0 |   0.0
      Sewer |       0 |      53 | 100.0 |       0 |      18 | 100.0
   Gauntlet |       0 |    3610 | 100.0 |       0 |       9 | 100.0
            +---------+---------+-------+---------+---------+-------
